 Dungeon Crawl Stone Soup version 0.27.1-33-g824d729ab1 (webtiles) character file.

Game seed: 11094623000578654128

3 Descartes the Magician (level 1, -3/18 HPs)
             Began as a Djinni Warper on Jan 1, 2022.
             Slain by a kobold (5 damage)
             ... on level 1 of the Dungeon.
             The game lasted 00:01:10 (366 turns).

Descartes the Magician (Djinni Warper)               Turns: 366, Time: 00:01:10

Health: -3/18      AC:  3    Str: 10    XL:     1   Next: 55%
Gold:   32         EV: 11    Int: 14    God:
                   SH:  0    Dex: 12

rFire    + + .     SeeInvis .   a - +0 falchion
rCold    x . .     Faith    .   (no shield)
rNeg     . . .     Spirit   .   b - +0 leather armour
rPois    ∞         Reflect  .   (no helmet)
rElec    .         Harm     .   (no cloak)
rCorr    .         Rampage  .   (no gloves)
Will     .....                  (boots unavailable)
Stlth    +.........             (no amulet)
HPRegen  0.06/turn              (no ring)
MPRegen  0.00/turn              (no ring)

@: flying
A: sickness immunity, fire resistance 2, cold vulnerability 1, float, innate
caster, hp casting, extra vitality 1
a: no special abilities


You were on level 1 of the Dungeon.
You visited 1 branch of the dungeon, and saw 1 of its levels.

You collected 32 gold pieces.

Inventory:

Hand Weapons
 a - a +0 falchion (weapon)
Missiles
 d - 5 boomerangs of dispersal (quivered)
 e - 20 stones
 f - 5 boomerangs
Armour
 b - a +0 leather armour (worn)
Scrolls
 c - a scroll of blinking


   Skills:
 + Level 2.1 Fighting
 - Level 1.7 Long Blades
 - Level 0.7 Throwing
 - Level 1.0 Armour
 + Level 2.3 Dodging
 + Level 2.4 Spellcasting


You couldn't memorise any spells.
You knew the following spells:

 Your Spells              Type           Power      Damage    Failure   Level
a - Blink                 Tloc           N/A        N/A       17%         2
b - Lesser Beckoning      Tloc           4%         N/A       32%         3
c - Gell's Gravitas       Tloc           4%         N/A       32%         3
d - Teleport Other        Tloc           8%         N/A       32%         3
e - Manifold Assault      Tloc           8%         N/A       97%         5
Your spell library was empty.

Dungeon Overview and Level Annotations

Branches:
Dungeon (1/15)

Altars:


Innate Abilities, Weirdness & Mutations

You are immune to sickness and miasma.
You are immune to poison.
Your flesh is very heat resistant. (rF++)
You are vulnerable to cold. (rC-)
You float through the air rather than walking.
You learn spells naturally, not from books.
Your magical power is your life essence.
You have superior vitality. (+4 HP)


Message History

A goblin comes into view. It is wielding a +0 dagger.
The kobold hits you with a +0 whip.
You hit the kobold but do no damage. The kobold hits you with a +0 whip.
You closely miss the goblin. The kobold hits you with a +0 whip.
The goblin hits you with a +0 dagger.
You are too injured to fight recklessly!
You are too injured to fight recklessly!
You are too injured to fight recklessly!
You are too injured to fight recklessly!
You are too injured to fight recklessly!
You are too injured to fight recklessly!
You are too injured to fight recklessly!
You are too injured to fight recklessly!
You are too injured to fight recklessly!
You are too injured to fight recklessly!
Unknown command.
Unknown command.
The kobold throws a stone.
The stone barely misses you. The goblin hits you with a +0 dagger.
* * * LOW HITPOINT WARNING * * *
There is a stone staircase leading down here.
You see here a +0 spear.
You closely miss the goblin. The goblin hits you with a +0 dagger.
* * * LOW HITPOINT WARNING * * *
You closely miss the goblin. The goblin hits you but does no damage.
You hit the goblin.
You kill the goblin!
The kobold hits you with a +0 whip.
* * * LOW HITPOINT WARNING * * *
You barely miss the kobold. The kobold closely misses you.
The kobold completely misses you.
The kobold throws a stone.
The stone hits you but does no damage.
The kobold throws a stone.
The stone barely misses you.
There is an open door here.
There is an open door here.
You closely miss the kobold. The kobold hits you with a +0 whip.
* * * LOW HITPOINT WARNING * * *
There is an open door here.
You hit the kobold but do no damage. The kobold hits you with a +0 whip.
You die...

.....).......P..#..#
....#K.#..P.....#..#
....#..#...P.P..#..#
.)..#..#.†..P.P.#..#
....#..#...P.P..#..#
♣...#..#......P.#..#
♣♣..#'##.......8####
♣♣##..##########..##
#....'......#@...#
#<...#...K..K....#
##..##########..##
#### ####


You could see 2 kobolds.

Vanquished Creatures
  A giant cockroach (D:1)
  A kobold (D:1)
  A goblin (D:1)
3 creatures vanquished.

Notes
Turn   | Place    | Note
-------+----------+-------------------------------------------
     0 | D:1      | Descartes the Djinni Warper began the quest for the Orb.
     0 | D:1      | Reached XP level 1. HP: 18/18 MP: 0/0
   366 | D:1      | Slain by a kobold

Illustrated notes

Levels and vault maps discovered:
D:1:      sevenhm_arrival_forest_fort_large_4, layout_loops_ring,
          serial_bayou_pond_a

Action                   || total
-------------------------++-------
Melee: Falchion          ||    19
Armor: Leather armour    ||     7
Dodge: Dodged            ||    12
       Rpst.: Falchion   ||     4
